Workbook
Name Данные: [1]Тестовый!$F$10:$H$14

Sheet ЛСР
K1: Приложение №
K2: к Договору подряда №
B4: ПОДРЯДЧИК: | E4: ЗАКАЗЧИК: | J4: ТЕХНИЧЕСКИЙ ЗАКАЗЧИК:
E5: ООО "ЭНКО СТРОЙ" | J5: ООО "Технический заказчик "ЭНКО"
B7: _________________/ | E7: ___________/С.И. Ярков | J7: ___________/С.И. Ярков
E9: Локальный сметный расчет №
E10: Устройство системы телевидения ГП-215.
A12: № | B12: Наименование | C12: Марка | D12: Характеристика | E12: Ед. изм. | F12: ГП-215.1 | G12: Кол-во | H12: Цена | I12: Сумма | J12: Примечание | K12: Форма закупа материала
A13: 11 | B13: Внутренние инженерные сети
A14: 11.13. | B14: Устройство телевидения
A15: 11.13.01 | B15: Прокладка КПП, трубы
A16: 11.13.01.00 | B16: Прокладка КПП, трубы | I16: =I17+I21 -> 0
B17: Работа: | I17: =SUM(I18:I20) -> 0
B18: Прокладка КПП | E18: м | F18: =SUM(F22:F24) -> 2290 | G18: =SUM(F18:F18) -> 2290 | H18: =VLOOKUP(B18,СМР!$B$3:$F$8,5,0) -> 0 | I18: =H18*G18 -> 0
B19: Прокладка трубы | E19: м | F19: =SUM(F25:F28) -> 2012 | G19: =SUM(F19:F19) -> 2012 | H19: =VLOOKUP(B19,СМР!$B$3:$F$8,5,0) -> 0 | I19: =H19*G19 -> 0
B20: Прокладка металлорукава | E20: м | F20: =F29 -> 50 | G20: =SUM(F20:F20) -> 50 | H20: =VLOOKUP(B20,СМР!$B$3:$F$8,5,0) -> 0 | I20: =H20*G20 -> 0
B21: Материалы: | I21: =SUM(I22:I31) -> 0
B22: Кабель тип 1 | D22: Кабель коаксиальный распределительный SAT-703 | E22: м | F22: 2100 | G22: =SUM(F22:F22) -> 2100 | H22: =VLOOKUP(B22,ТМЦ!$B$3:$J$37,6,0) -> 0 | I22: =H22*G22 -> 0 | K22: =VLOOKUP(B22,ТМЦ!$B$3:$J$37,9,0) -> 0
B23: Кабель тип 2 | C23: ВВГнг(А)-LS-0,66 | D23: Кабель силовой с медными жилами в ПВХ изоляции негорючий сечением 3х2,5мм2 | E23: м | F23: 180 | G23: =SUM(F23:F23) -> 180 | H23: =VLOOKUP(B23,ТМЦ!$B$3:$J$37,6,0) -> 0 | I23: =H23*G23 -> 0 | K23: =VLOOKUP(B23,ТМЦ!$B$3:$J$37,9,0) -> 0
B24: Провод | C24: ПуГВнг(А)-LS | D24: Провод с медной жилой, гибкий сечением 6 мм2 | E24: м | F24: 10 | G24: =SUM(F24:F24) -> 10 | H24: =VLOOKUP(B24,ТМЦ!$B$3:$J$37,6,0) -> 0 | I24: =H24*G24 -> 0 | J24: заземление | K24: =VLOOKUP(B24,ТМЦ!$B$3:$J$37,9,0) -> 0
B25: Труба тип 1 | D25: Труба ПЭ 20х2,0 PN12 | E25: м | F25: 1660 | G25: =SUM(F25:F25) -> 1660 | H25: =VLOOKUP(B25,ТМЦ!$B$3:$J$37,6,0) -> 0 | I25: =H25*G25 -> 0 | K25: =VLOOKUP(B25,ТМЦ!$B$3:$J$37,9,0) -> 0
B26: Труба тип 2 | D26: Труба гофрированная Ду 20мм ПВХ | E26: м | F26: 220 | G26: =SUM(F26:F26) -> 220 | H26: =VLOOKUP(B26,ТМЦ!$B$3:$J$37,6,0) -> 0 | I26: =H26*G26 -> 0 | K26: =VLOOKUP(B26,ТМЦ!$B$3:$J$37,9,0) -> 0
B27: Труба тип 3 | D27: гладкая ПВХ диаметром 50мм | E27: м | F27: 120 | G27: =SUM(F27:F27) -> 120 | H27: =VLOOKUP(B27,ТМЦ!$B$3:$J$37,6,0) -> 0 | I27: =H27*G27 -> 0 | K27: =VLOOKUP(B27,ТМЦ!$B$3:$J$37,9,0) -> 0
B28: Труба тип 4 | D28: Труба электросварная 76х3,5 | E28: м | F28: 12 | G28: =SUM(F28:F28) -> 12 | H28: =VLOOKUP(B28,ТМЦ!$B$3:$J$37,6,0) -> 0 | I28: =H28*G28 -> 0 | K28: =VLOOKUP(B28,ТМЦ!$B$3:$J$37,9,0) -> 0
B29: Труба тип 5 | D29: Металлорукав в ПВХ изоляции РЗ-ЦП 16 | E29: м | F29: 50 | G29: =SUM(F29:F29) -> 50 | H29: =VLOOKUP(B29,ТМЦ!$B$3:$J$37,6,0) -> 0 | I29: =H29*G29 -> 0 | K29: =VLOOKUP(B29,ТМЦ!$B$3:$J$37,9,0) -> 0
B30: Коробка 200x160x70 мм скрытой установки (с крышкой) | E30: шт. | F30: 154 | G30: =SUM(F30:F30) -> 154 | H30: =VLOOKUP(B30,ТМЦ!$B$3:$J$37,6,0) -> 0 | I30: =H30*G30 -> 0 | K30: =VLOOKUP(B30,ТМЦ!$B$3:$J$37,9,0) -> 0
B31: Прочие материалы (Хомут трубный 1.1/2" 47-51 с резинкой, дюбелем, винтом М8, Монтажная пена Технониколь 240 PROFESSIONAL, огнестойкая, TN528380, Огнезащитный силиконовый герметик Огнетитан SN однокомпонентный, серый 310 мл ТУ 2513-004-03495485-2016 БП-00000536, Монтажная лента текстильная под пистолет, Гвозди по бетону усиленные Toua 3.05x19 мм, под пистолет. (1000шт. в пч.)) | I31: =SUM(I32:I36) -> 0
B32: Хомут трубный 1.1/2" 47-51 с резинкой, дюбелем, винтом М8 | E32: шт. | F32: =(F27/3)*2 -> 80 | G32: =SUM(F32:F32) -> 80 | H32: =VLOOKUP(B32,ТМЦ!$B$3:$J$37,6,0) -> 0 | I32: =H32*G32 -> 0 | K32: =VLOOKUP(B32,ТМЦ!$B$3:$J$37,9,0) -> 0
B33: Монтажная пена Технониколь 240 PROFESSIONAL, огнестойкая, TN528380 | E33: шт. | F33: =(F27/3)*0.1 -> 4 | G33: =SUM(F33:F33) -> 4 | H33: =VLOOKUP(B33,ТМЦ!$B$3:$J$37,6,0) -> 0 | I33: =H33*G33 -> 0 | K33: =VLOOKUP(B33,ТМЦ!$B$3:$J$37,9,0) -> 0
B34: Огнезащитный силиконовый герметик Огнетитан SN однокомпонентный, серый 310 мл ТУ 2513-004-03495485-2016 БП-00000536 | E34: шт. | F34: =(F27/3)*0.1 -> 4 | G34: =SUM(F34:F34) -> 4 | H34: =VLOOKUP(B34,ТМЦ!$B$3:$J$37,6,0) -> 0 | I34: =H34*G34 -> 0 | K34: =VLOOKUP(B34,ТМЦ!$B$3:$J$37,9,0) -> 0
B35: Монтажная лента текстильная под пистолет | E35: м. | F35: =F25*0.25 -> 415 | G35: =SUM(F35:F35) -> 415 | H35: =VLOOKUP(B35,ТМЦ!$B$3:$J$37,6,0) -> 0 | I35: =H35*G35 -> 0 | K35: =VLOOKUP(B35,ТМЦ!$B$3:$J$37,9,0) -> 0
B36: Гвозди по бетону усиленные Toua 3.05x19 мм, под пистолет. (1000шт. в пч.) | E36: шт. | F36: =F25*5 -> 8300 | G36: =SUM(F36:F36) -> 8300 | H36: =VLOOKUP(B36,ТМЦ!$B$3:$J$37,6,0) -> 0 | I36: =H36*G36 -> 0 | K36: =VLOOKUP(B36,ТМЦ!$B$3:$J$37,9,0) -> 0
A37: 11.13.02. | B37: Установка оборудования
A38: 11.13.02.00 | B38: Установка оборудования | I38: =I39+I42 -> 0
B39: Работа: | I39: =SUM(I40:I41) -> 0
B40: Монтаж антенны с усилителем и мачтой | E40: шт | F40: 1 | G40: =SUM(F40:F40) -> 1 | H40: =VLOOKUP(B40,СМР!$B$3:$F$8,5,0) -> 0 | I40: =H40*G40 -> 0 | J40: Монтаж антенны, грозозащиты, мачты, усилителя
B41: Монтаж изолятора с усилителем | E41: шт | F41: 1 | G41: =SUM(F41:F41) -> 1 | H41: =VLOOKUP(B41,СМР!$B$3:$F$8,5,0) -> 0 | I41: =H41*G41 -> 0 | J41: Монтаж изолятора, усилителя, тв розеток в тч все прочие материалы
B42: Материалы: | I42: =SUM(I43:I63) -> 0
B43: Антенна | D43: Антенна ДМВ, "Сигнал профи", Зэтрон, 12,5дБ, АТКГ(В)-5.1.21-60.4 МИР 5 эл. МВ 1-3 канал | E43: шт. | F43: 1 | G43: =SUM(F43:F43) -> 1 | H43: =VLOOKUP(B43,ТМЦ!$B$3:$J$37,6,0) -> 0 | I43: =H43*G43 -> 0 | K43: =VLOOKUP(B43,ТМЦ!$B$3:$J$37,9,0) -> 0
B44: Грозозащита - разрядник, ЛАНС | D44: ART-UV-1 | E44: шт. | F44: 1 | G44: =SUM(F44:F44) -> 1 | H44: =VLOOKUP(B44,ТМЦ!$B$3:$J$37,6,0) -> 0 | I44: =H44*G44 -> 0 | K44: =VLOOKUP(B44,ТМЦ!$B$3:$J$37,9,0) -> 0
B45: Усилитель тип 1 | D45: Усилитель мультидиапазонный (47-862 МГц). 3 входов TERRA MA-025 | E45: шт. | F45: 1 | G45: =SUM(F45:F45) -> 1 | H45: =VLOOKUP(B45,ТМЦ!$B$3:$J$37,6,0) -> 0 | I45: =H45*G45 -> 0 | K45: =VLOOKUP(B45,ТМЦ!$B$3:$J$37,9,0) -> 0
B46: Мачта | D46: к антенне 4.5м (алюминий) | E46: шт. | F46: 1 | G46: =SUM(F46:F46) -> 1 | H46: =VLOOKUP(B46,ТМЦ!$B$3:$J$37,6,0) -> 0 | I46: =H46*G46 -> 0 | K46: =VLOOKUP(B46,ТМЦ!$B$3:$J$37,9,0) -> 0
B47: Изолятор земли | D47: ЛАНС ART-1 | E47: шт. | F47: 1 | G47: =SUM(F47:F47) -> 1 | H47: =VLOOKUP(B47,ТМЦ!$B$3:$J$37,6,0) -> 0 | I47: =H47*G47 -> 0 | K47: =VLOOKUP(B47,ТМЦ!$B$3:$J$37,9,0) -> 0
B48: Аттенюатор F 135-12 | D48: F 135-12 | E48: шт. | F48: 4 | G48: =SUM(F48:F48) -> 4 | H48: =VLOOKUP(B48,ТМЦ!$B$3:$J$37,6,0) -> 0 | I48: =H48*G48 -> 0 | K48: =VLOOKUP(B48,ТМЦ!$B$3:$J$37,9,0) -> 0
B49: Усилитель тип 2 | D49: Усилитель домовой 47…860 МГц, регулируемый, 220 В TERRA НA-126 | E49: шт. | F49: 4 | G49: =SUM(F49:F49) -> 4 | H49: =VLOOKUP(B49,ТМЦ!$B$3:$J$37,6,0) -> 0 | I49: =H49*G49 -> 0 | K49: =VLOOKUP(B49,ТМЦ!$B$3:$J$37,9,0) -> 0
B50: Розетка | D50: штепсельная для открытой проводки с 3-м заземляющим контактом 220В, 10 А | E50: шт. | F50: 5 | G50: =SUM(F50:F50) -> 5 | H50: =VLOOKUP(B50,ТМЦ!$B$3:$J$37,6,0) -> 0 | I50: =H50*G50 -> 0 | K50: =VLOOKUP(B50,ТМЦ!$B$3:$J$37,9,0) -> 0
B51: Заглушка 75 Ом 05-4081 | D51: 05-4081 | E51: шт. | F51: 4 | G51: =SUM(F51:F51) -> 4 | H51: =VLOOKUP(B51,ТМЦ!$B$3:$J$37,6,0) -> 0 | I51: =H51*G51 -> 0 | K51: =VLOOKUP(B51,ТМЦ!$B$3:$J$37,9,0) -> 0
B52: F-разъем на SAT-703 | D52: SAT-703 | E52: шт. | F52: 225 | G52: =SUM(F52:F52) -> 225 | H52: =VLOOKUP(B52,ТМЦ!$B$3:$J$37,6,0) -> 0 | I52: =H52*G52 -> 0 | K52: =VLOOKUP(B52,ТМЦ!$B$3:$J$37,9,0) -> 0
B53: Щит ЩМП-4 800x650x250 | E53: шт. | F53: 1 | G53: =SUM(F53:F53) -> 1 | H53: =VLOOKUP(B53,ТМЦ!$B$3:$J$37,6,0) -> 0 | I53: =H53*G53 -> 0 | K53: =VLOOKUP(B53,ТМЦ!$B$3:$J$37,9,0) -> 0
B54: Автоматический выключатель номиналом 16А | E54: шт. | F54: 2 | G54: =SUM(F54:F54) -> 2 | H54: =VLOOKUP(B54,ТМЦ!$B$3:$J$37,6,0) -> 0 | I54: =H54*G54 -> 0 | K54: =VLOOKUP(B54,ТМЦ!$B$3:$J$37,9,0) -> 0
B55: Ответвитель | D55: LA-4-24 | E55: шт. | F55: 8 | G55: =SUM(F55:F55) -> 8 | H55: =VLOOKUP(B55,ТМЦ!$B$3:$J$37,6,0) -> 0 | I55: =H55*G55 -> 0 | K55: =VLOOKUP(B55,ТМЦ!$B$3:$J$37,9,0) -> 0
B56: Ответвитель | D56: LA-4-20 | E56: шт. | F56: 6 | G56: =SUM(F56:F56) -> 6 | H56: =VLOOKUP(B56,ТМЦ!$B$3:$J$37,6,0) -> 0 | I56: =H56*G56 -> 0 | K56: =VLOOKUP(B56,ТМЦ!$B$3:$J$37,9,0) -> 0
B57: Ответвитель | D57: LA-4-18 | E57: шт. | F57: 6 | G57: =SUM(F57:F57) -> 6 | H57: =VLOOKUP(B57,ТМЦ!$B$3:$J$37,6,0) -> 0 | I57: =H57*G57 -> 0 | K57: =VLOOKUP(B57,ТМЦ!$B$3:$J$37,9,0) -> 0
B58: Ответвитель | D58: LA-4-16 | E58: шт. | F58: 7 | G58: =SUM(F58:F58) -> 7 | H58: =VLOOKUP(B58,ТМЦ!$B$3:$J$37,6,0) -> 0 | I58: =H58*G58 -> 0 | K58: =VLOOKUP(B58,ТМЦ!$B$3:$J$37,9,0) -> 0
B59: Ответвитель | D59: LA-4-14 | E59: шт. | F59: 4 | G59: =SUM(F59:F59) -> 4 | H59: =VLOOKUP(B59,ТМЦ!$B$3:$J$37,6,0) -> 0 | I59: =H59*G59 -> 0 | K59: =VLOOKUP(B59,ТМЦ!$B$3:$J$37,9,0) -> 0
B60: Ответвитель | D60: LA-4-12 | E60: шт. | F60: 4 | G60: =SUM(F60:F60) -> 4 | H60: =VLOOKUP(B60,ТМЦ!$B$3:$J$37,6,0) -> 0 | I60: =H60*G60 -> 0 | K60: =VLOOKUP(B60,ТМЦ!$B$3:$J$37,9,0) -> 0
B61: Ответвитель | D61: LA-4-10 | E61: шт. | F61: 3 | G61: =SUM(F61:F61) -> 3 | H61: =VLOOKUP(B61,ТМЦ!$B$3:$J$37,6,0) -> 0 | I61: =H61*G61 -> 0 | K61: =VLOOKUP(B61,ТМЦ!$B$3:$J$37,9,0) -> 0
B62: Ответвитель | D62: LA-2-10 | E62: шт. | F62: 1 | G62: =SUM(F62:F62) -> 1 | H62: =VLOOKUP(B62,ТМЦ!$B$3:$J$37,6,0) -> 0 | I62: =H62*G62 -> 0 | K62: =VLOOKUP(B62,ТМЦ!$B$3:$J$37,9,0) -> 0
B63: Делитель | D63: LV-4 | E63: шт. | F63: 1 | G63: =SUM(F63:F63) -> 1 | H63: =VLOOKUP(B63,ТМЦ!$B$3:$J$37,6,0) -> 0 | I63: =H63*G63 -> 0 | K63: =VLOOKUP(B63,ТМЦ!$B$3:$J$37,9,0) -> 0
A64: 11.13.03. | B64: ПНР
A65: 11.13.03.00 | B65: ПНР | I65: =I66 -> 0
B66: Работа: | I66: =SUM(I67) -> 0
B67: Пусконаладочные работы | E67: комплекс | F67: 1 | G67: =SUM(F67:F67) -> 1 | H67: =VLOOKUP(B67,СМР!$B$3:$F$8,5,0) -> 0 | I67: =H67*G67 -> 0
B68: Материалы: | I68: 0
H70: Итого по ЛСР, в т.ч. НДС: | I70: =I38+I16+I65 -> 0
H71: в тч стоимость работ: | I71: =SUMIF($B$13:$B$69,"Работа:",I$13:I$69) -> 0
H72: в тч стоимость материалов: | I72: =SUMIF($B$13:$B$69,"Материалы:",I$13:I$69) -> 0
H73: в тч НДС 22%: | I73: =I70*22/122 -> 0
B75: Примечание:
A76: - | B76: В случае, если один из перечисленных прочих материалов не был использован по факту при производстве работ, заказчик вправе откорректировать процент расходных материалов в актах выполненных работ (формы КС-2, КС-3), уменьшив на сумму исключенного материала.
A77: - | B77: Стоимость СМР учитывает - затраты на все второстепенные материалы и работы необходимые для осуществления полного комплекса работ, включая затраты: обеспечение технической водой для производства работ и бытовых целей; на мобилизацию, аренду и эксплуатацию всех необходимых механизмов, оборудования и инструментов, бытовых помещений и биотуалетов; на подъем материалов и разноску по этажам к местам производства работ; выполнение сопутствующих работ; вывоз мусора; накладные расходы, прибыль организации, налоги и иные издержки Подрядчика. Обеспечение безопасного производства работ на участке.
A78: - | B78: Стоимость материалов учитывает стоимость доставки.

Sheet СМР
A1: Ведомость объемов работ
A2: № п/п | B2: Наименование | C2: Характеристика | D2: Ед. изм. | E2: Кол-во | F2: Цена | G2: Сумма | H2: Примечание
A3: =ROW()-2 -> 1 | B3: Прокладка КПП | D3: м | E3: =SUMIF(ЛСР!$B$13:$B$69,B3,ЛСР!$G$13:$G$69) -> 2290 | G3: =F3*E3 -> 0
A4: =ROW()-2 -> 2 | B4: Прокладка трубы | D4: м | E4: =SUMIF(ЛСР!$B$13:$B$69,B4,ЛСР!$G$13:$G$69) -> 2012 | G4: =F4*E4 -> 0
A5: =ROW()-2 -> 3 | B5: Прокладка металлорукава | D5: м | E5: =SUMIF(ЛСР!$B$13:$B$69,B5,ЛСР!$G$13:$G$69) -> 50 | G5: =F5*E5 -> 0
A6: =ROW()-2 -> 4 | B6: Монтаж антенны с усилителем и мачтой | D6: шт | E6: =SUMIF(ЛСР!$B$13:$B$69,B6,ЛСР!$G$13:$G$69) -> 1 | G6: =F6*E6 -> 0
A7: =ROW()-2 -> 5 | B7: Монтаж изолятора с усилителем | D7: шт | E7: =SUMIF(ЛСР!$B$13:$B$69,B7,ЛСР!$G$13:$G$69) -> 1 | G7: =F7*E7 -> 0
A8: =ROW()-2 -> 6 | B8: Пусконаладочные работы | D8: комплекс | E8: =SUMIF(ЛСР!$B$13:$B$69,B8,ЛСР!$G$13:$G$69) -> 1 | G8: =F8*E8 -> 0
F9: ИТОГО: | G9: =SUM(G3:G8) -> 0
F10: проверка: | G10: =G9-ЛСР!I71 -> 0
B12: Примечание:
A13: - | B13: В случае, если один из перечисленных прочих материалов не был использован по факту при производстве работ, заказчик вправе откорректировать процент расходных материалов в актах выполненных работ (формы КС-2, КС-3), уменьшив на сумму исключенного материала.
A14: - | B14: Стоимость СМР учитывает - затраты на все второстепенные материалы и работы необходимые для осуществления полного комплекса работ, включая затраты: обеспечение технической водой для производства работ и бытовых целей; на мобилизацию, аренду и эксплуатацию всех необходимых механизмов, оборудования и инструментов, бытовых помещений и биотуалетов; на подъем материалов и разноску по этажам к местам производства работ; выполнение сопутствующих работ; вывоз мусора; накладные расходы, прибыль организации, налоги и иные издержки Подрядчика. Обеспечение безопасного производства работ на участке.
A15: - | B15: Стоимость материалов учитывает стоимость доставки.

Sheet ТМЦ
A1: Спецификация материалов
A2: № п/п | B2: Наименование | C2: Марка | D2: Характеристика | E2: Ед. изм. | F2: Кол-во | G2: Цена | H2: Сумма | I2: Примечание | J2: Форма закупа материала
A3: =ROW()-2 -> 1 | B3: Кабель тип 1 | D3: Кабель коаксиальный распределительный SAT-703 | E3: м | F3: =SUMIF(ЛСР!$B$13:$B$69,ТМЦ!B3,ЛСР!$G$13:$G$69) -> 2100 | H3: =G3*F3 -> 0 | I3: =VLOOKUP(B3,ЛСР!$B$13:$J$69,9,0) -> 0
A4: =ROW()-2 -> 2 | B4: Кабель тип 2 | C4: ВВГнг(А)-LS-0,66 | D4: Кабель силовой с медными жилами в ПВХ изоляции негорючий сечением 3х2,5мм2 | E4: м | F4: =SUMIF(ЛСР!$B$13:$B$69,ТМЦ!B4,ЛСР!$G$13:$G$69) -> 180 | H4: =G4*F4 -> 0 | I4: =VLOOKUP(B4,ЛСР!$B$13:$J$69,9,0) -> 0
A5: =ROW()-2 -> 3 | B5: Провод | C5: ПуГВнг(А)-LS | D5: Провод с медной жилой, гибкий сечением 6 мм2 | E5: м | F5: =SUMIF(ЛСР!$B$13:$B$69,ТМЦ!B5,ЛСР!$G$13:$G$69) -> 10 | H5: =G5*F5 -> 0 | I5: =VLOOKUP(B5,ЛСР!$B$13:$J$69,9,0) -> заземление
A6: =ROW()-2 -> 4 | B6: Труба тип 1 | D6: Труба ПЭ 20х2,0 PN12 | E6: м | F6: =SUMIF(ЛСР!$B$13:$B$69,ТМЦ!B6,ЛСР!$G$13:$G$69) -> 1660 | H6: =G6*F6 -> 0 | I6: =VLOOKUP(B6,ЛСР!$B$13:$J$69,9,0) -> 0
A7: =ROW()-2 -> 5 | B7: Труба тип 2 | D7: Труба гофрированная Ду 20мм ПВХ | E7: м | F7: =SUMIF(ЛСР!$B$13:$B$69,ТМЦ!B7,ЛСР!$G$13:$G$69) -> 220 | H7: =G7*F7 -> 0 | I7: =VLOOKUP(B7,ЛСР!$B$13:$J$69,9,0) -> 0
A8: =ROW()-2 -> 6 | B8: Труба тип 3 | D8: гладкая ПВХ диаметром 50мм | E8: м | F8: =SUMIF(ЛСР!$B$13:$B$69,ТМЦ!B8,ЛСР!$G$13:$G$69) -> 120 | H8: =G8*F8 -> 0 | I8: =VLOOKUP(B8,ЛСР!$B$13:$J$69,9,0) -> 0
A9: =ROW()-2 -> 7 | B9: Труба тип 4 | D9: Труба электросварная 76х3,5 | E9: м | F9: =SUMIF(ЛСР!$B$13:$B$69,ТМЦ!B9,ЛСР!$G$13:$G$69) -> 12 | H9: =G9*F9 -> 0 | I9: =VLOOKUP(B9,ЛСР!$B$13:$J$69,9,0) -> 0
A10: =ROW()-2 -> 8 | B10: Труба тип 5 | D10: Металлорукав в ПВХ изоляции РЗ-ЦП 16 | E10: м | F10: =SUMIF(ЛСР!$B$13:$B$69,ТМЦ!B10,ЛСР!$G$13:$G$69) -> 50 | H10: =G10*F10 -> 0 | I10: =VLOOKUP(B10,ЛСР!$B$13:$J$69,9,0) -> 0
A11: =ROW()-2 -> 9 | B11: Коробка 200x160x70 мм скрытой установки (с крышкой) | E11: шт. | F11: =SUMIF(ЛСР!$B$13:$B$69,ТМЦ!B11,ЛСР!$G$13:$G$69) -> 154 | H11: =G11*F11 -> 0 | I11: =VLOOKUP(B11,ЛСР!$B$13:$J$69,9,0) -> 0
A12: =ROW()-2 -> 10 | B12: Хомут трубный 1.1/2" 47-51 с резинкой, дюбелем, винтом М8 | E12: шт. | F12: =SUMIF(ЛСР!$B$13:$B$69,ТМЦ!B12,ЛСР!$G$13:$G$69) -> 80 | H12: =G12*F12 -> 0 | I12: =VLOOKUP(B12,ЛСР!$B$13:$J$69,9,0) -> 0
A13: =ROW()-2 -> 11 | B13: Монтажная пена Технониколь 240 PROFESSIONAL, огнестойкая, TN528380 | E13: шт. | F13: =SUMIF(ЛСР!$B$13:$B$69,ТМЦ!B13,ЛСР!$G$13:$G$69) -> 4 | H13: =G13*F13 -> 0 | I13: =VLOOKUP(B13,ЛСР!$B$13:$J$69,9,0) -> 0
A14: =ROW()-2 -> 12 | B14: Огнезащитный силиконовый герметик Огнетитан SN однокомпонентный, серый 310 мл ТУ 2513-004-03495485-2016 БП-00000536 | E14: шт. | F14: =SUMIF(ЛСР!$B$13:$B$69,ТМЦ!B14,ЛСР!$G$13:$G$69) -> 4 | H14: =G14*F14 -> 0 | I14: =VLOOKUP(B14,ЛСР!$B$13:$J$69,9,0) -> 0
A15: =ROW()-2 -> 13 | B15: Монтажная лента текстильная под пистолет | E15: м. | F15: =SUMIF(ЛСР!$B$13:$B$69,ТМЦ!B15,ЛСР!$G$13:$G$69) -> 415 | H15: =G15*F15 -> 0 | I15: =VLOOKUP(B15,ЛСР!$B$13:$J$69,9,0) -> 0
A16: =ROW()-2 -> 14 | B16: Гвозди по бетону усиленные Toua 3.05x19 мм, под пистолет. (1000шт. в пч.) | E16: шт. | F16: =SUMIF(ЛСР!$B$13:$B$69,ТМЦ!B16,ЛСР!$G$13:$G$69) -> 8300 | H16: =G16*F16 -> 0 | I16: =VLOOKUP(B16,ЛСР!$B$13:$J$69,9,0) -> 0
A17: =ROW()-2 -> 15 | B17: Антенна | D17: Антенна ДМВ, "Сигнал профи", Зэтрон, 12,5дБ, АТКГ(В)-5.1.21-60.4 МИР 5 эл. МВ 1-3 канал | E17: шт. | F17: =SUMIF(ЛСР!$B$13:$B$69,ТМЦ!B17,ЛСР!$G$13:$G$69) -> 1 | H17: =G17*F17 -> 0 | I17: =VLOOKUP(B17,ЛСР!$B$13:$J$69,9,0) -> 0
A18: =ROW()-2 -> 16 | B18: Грозозащита - разрядник, ЛАНС | D18: ART-UV-1 | E18: шт. | F18: =SUMIF(ЛСР!$B$13:$B$69,ТМЦ!B18,ЛСР!$G$13:$G$69) -> 1 | H18: =G18*F18 -> 0 | I18: =VLOOKUP(B18,ЛСР!$B$13:$J$69,9,0) -> 0
A19: =ROW()-2 -> 17 | B19: Усилитель тип 1 | D19: Усилитель мультидиапазонный (47-862 МГц). 3 входов TERRA MA-025 | E19: шт. | F19: =SUMIF(ЛСР!$B$13:$B$69,ТМЦ!B19,ЛСР!$G$13:$G$69) -> 1 | H19: =G19*F19 -> 0 | I19: =VLOOKUP(B19,ЛСР!$B$13:$J$69,9,0) -> 0
A20: =ROW()-2 -> 18 | B20: Мачта | D20: к антенне 4.5м (алюминий) | E20: шт. | F20: =SUMIF(ЛСР!$B$13:$B$69,ТМЦ!B20,ЛСР!$G$13:$G$69) -> 1 | H20: =G20*F20 -> 0 | I20: =VLOOKUP(B20,ЛСР!$B$13:$J$69,9,0) -> 0
A21: =ROW()-2 -> 19 | B21: Изолятор земли | D21: ЛАНС ART-1 | E21: шт. | F21: =SUMIF(ЛСР!$B$13:$B$69,ТМЦ!B21,ЛСР!$G$13:$G$69) -> 1 | H21: =G21*F21 -> 0 | I21: =VLOOKUP(B21,ЛСР!$B$13:$J$69,9,0) -> 0
A22: =ROW()-2 -> 20 | B22: Аттенюатор F 135-12 | D22: F 135-12 | E22: шт. | F22: =SUMIF(ЛСР!$B$13:$B$69,ТМЦ!B22,ЛСР!$G$13:$G$69) -> 4 | H22: =G22*F22 -> 0 | I22: =VLOOKUP(B22,ЛСР!$B$13:$J$69,9,0) -> 0
A23: =ROW()-2 -> 21 | B23: Усилитель тип 2 | D23: Усилитель домовой 47…860 МГц, регулируемый, 220 В TERRA НA-126 | E23: шт. | F23: =SUMIF(ЛСР!$B$13:$B$69,ТМЦ!B23,ЛСР!$G$13:$G$69) -> 4 | H23: =G23*F23 -> 0 | I23: =VLOOKUP(B23,ЛСР!$B$13:$J$69,9,0) -> 0
A24: =ROW()-2 -> 22 | B24: Розетка | D24: штепсельная для открытой проводки с 3-м заземляющим контактом 220В, 10 А | E24: шт. | F24: =SUMIF(ЛСР!$B$13:$B$69,ТМЦ!B24,ЛСР!$G$13:$G$69) -> 5 | H24: =G24*F24 -> 0 | I24: =VLOOKUP(B24,ЛСР!$B$13:$J$69,9,0) -> 0
A25: =ROW()-2 -> 23 | B25: Заглушка 75 Ом 05-4081 | D25: 05-4081 | E25: шт. | F25: =SUMIF(ЛСР!$B$13:$B$69,ТМЦ!B25,ЛСР!$G$13:$G$69) -> 4 | H25: =G25*F25 -> 0 | I25: =VLOOKUP(B25,ЛСР!$B$13:$J$69,9,0) -> 0
A26: =ROW()-2 -> 24 | B26: F-разъем на SAT-703 | D26: SAT-703 | E26: шт. | F26: =SUMIF(ЛСР!$B$13:$B$69,ТМЦ!B26,ЛСР!$G$13:$G$69) -> 225 | H26: =G26*F26 -> 0 | I26: =VLOOKUP(B26,ЛСР!$B$13:$J$69,9,0) -> 0
A27: =ROW()-2 -> 25 | B27: Щит ЩМП-4 800x650x250 | E27: шт. | F27: =SUMIF(ЛСР!$B$13:$B$69,ТМЦ!B27,ЛСР!$G$13:$G$69) -> 1 | H27: =G27*F27 -> 0 | I27: =VLOOKUP(B27,ЛСР!$B$13:$J$69,9,0) -> 0
A28: =ROW()-2 -> 26 | B28: Автоматический выключатель номиналом 16А | E28: шт. | F28: =SUMIF(ЛСР!$B$13:$B$69,ТМЦ!B28,ЛСР!$G$13:$G$69) -> 2 | H28: =G28*F28 -> 0 | I28: =VLOOKUP(B28,ЛСР!$B$13:$J$69,9,0) -> 0
A29: =ROW()-2 -> 27 | B29: Ответвитель | D29: LA-4-24 | E29: шт. | F29: =SUMIF(ЛСР!$B$13:$B$69,ТМЦ!B29,ЛСР!$G$13:$G$69) -> 8 | H29: =G29*F29 -> 0 | I29: =VLOOKUP(B29,ЛСР!$B$13:$J$69,9,0) -> 0
A30: =ROW()-2 -> 28 | B30: Ответвитель | D30: LA-4-20 | E30: шт. | F30: =SUMIF(ЛСР!$B$13:$B$69,ТМЦ!B30,ЛСР!$G$13:$G$69) -> 6 | H30: =G30*F30 -> 0 | I30: =VLOOKUP(B30,ЛСР!$B$13:$J$69,9,0) -> 0
A31: =ROW()-2 -> 29 | B31: Ответвитель | D31: LA-4-18 | E31: шт. | F31: =SUMIF(ЛСР!$B$13:$B$69,ТМЦ!B31,ЛСР!$G$13:$G$69) -> 6 | H31: =G31*F31 -> 0 | I31: =VLOOKUP(B31,ЛСР!$B$13:$J$69,9,0) -> 0
A32: =ROW()-2 -> 30 | B32: Ответвитель | D32: LA-4-16 | E32: шт. | F32: =SUMIF(ЛСР!$B$13:$B$69,ТМЦ!B32,ЛСР!$G$13:$G$69) -> 7 | H32: =G32*F32 -> 0 | I32: =VLOOKUP(B32,ЛСР!$B$13:$J$69,9,0) -> 0
A33: =ROW()-2 -> 31 | B33: Ответвитель | D33: LA-4-14 | E33: шт. | F33: =SUMIF(ЛСР!$B$13:$B$69,ТМЦ!B33,ЛСР!$G$13:$G$69) -> 4 | H33: =G33*F33 -> 0 | I33: =VLOOKUP(B33,ЛСР!$B$13:$J$69,9,0) -> 0
A34: =ROW()-2 -> 32 | B34: Ответвитель | D34: LA-4-12 | E34: шт. | F34: =SUMIF(ЛСР!$B$13:$B$69,ТМЦ!B34,ЛСР!$G$13:$G$69) -> 4 | H34: =G34*F34 -> 0 | I34: =VLOOKUP(B34,ЛСР!$B$13:$J$69,9,0) -> 0
A35: =ROW()-2 -> 33 | B35: Ответвитель | D35: LA-4-10 | E35: шт. | F35: =SUMIF(ЛСР!$B$13:$B$69,ТМЦ!B35,ЛСР!$G$13:$G$69) -> 3 | H35: =G35*F35 -> 0 | I35: =VLOOKUP(B35,ЛСР!$B$13:$J$69,9,0) -> 0
A36: =ROW()-2 -> 34 | B36: Ответвитель | D36: LA-2-10 | E36: шт. | F36: =SUMIF(ЛСР!$B$13:$B$69,ТМЦ!B36,ЛСР!$G$13:$G$69) -> 1 | H36: =G36*F36 -> 0 | I36: =VLOOKUP(B36,ЛСР!$B$13:$J$69,9,0) -> 0
A37: =ROW()-2 -> 35 | B37: Делитель | D37: LV-4 | E37: шт. | F37: =SUMIF(ЛСР!$B$13:$B$69,ТМЦ!B37,ЛСР!$G$13:$G$69) -> 1 | H37: =G37*F37 -> 0 | I37: =VLOOKUP(B37,ЛСР!$B$13:$J$69,9,0) -> 0
G38: ИТОГО: | H38: =SUM(H3:H37) -> 0
G39: проверка: | H39: =H38-ЛСР!I72 -> 0
B41: Примечание:
A42: - | B42: В случае, если один из перечисленных прочих материалов не был использован по факту при производстве работ, заказчик вправе откорректировать процент расходных материалов в актах выполненных работ (формы КС-2, КС-3), уменьшив на сумму исключенного материала.
A43: - | B43: Стоимость СМР учитывает - затраты на все второстепенные материалы и работы необходимые для осуществления полного комплекса работ, включая затраты: обеспечение технической водой для производства работ и бытовых целей; на мобилизацию, аренду и эксплуатацию всех необходимых механизмов, оборудования и инструментов, бытовых помещений и биотуалетов; на подъем материалов и разноску по этажам к местам производства работ; выполнение сопутствующих работ; вывоз мусора; накладные расходы, прибыль организации, налоги и иные издержки Подрядчика. Обеспечение безопасного производства работ на участке.
A44: - | B44: Стоимость материалов учитывает стоимость доставки.
